 Dungeon Crawl Stone Soup version 0.31-a0-1074-g0b22e4e0f1 (webtiles) character file.

Game seed: 11154327311413331368

29 Jeffwins the Digger (level 3, -6/32 HPs)
             Began as a Troll Earth Elementalist on Dec 8, 2023.
             Mangled by Terence
             ... wielding a +0 mace
              (8 damage)
             ... on level 2 of the Dungeon.
             The game lasted 00:01:21 (533 turns).

Jeffwins the Digger (Troll Earth Elementalist)       Turns: 533, Time: 00:01:22

Health: -6/32      AC:  4    Str: 16    XL:     3   Next: 1%
Magic:  4/4        EV:  9    Int: 13    God:
Gold:   69         SH:  0    Dex: 10    Spells: 4/5 levels left

rFire   . .          .
                       - Unarmed
rCold   . . .        (no shield)
rNeg    . . .        a - +0 robe
rPois   .            (helmet restricted)
rElec   .            (no cloak)
rCorr   .            (gloves unavailable)
SInv    .            (boots unavailable)
Will    .....        (no amulet)
Stlth   +            (no ring)
HPRegen 1.05/turn    (no ring)
MPRegen 0.09/turn

%: no passive effects
@: no status effects
A: large, unfitting armour, claws 3, regeneration 1, shaggy fur 1, tough skin 1
a: no special abilities


You were on level 2 of the Dungeon.
You visited 1 branch of the dungeon, and saw 2 of its levels.

You collected 69 gold pieces.


Innate Abilities, Weirdness & Mutations

You are too large for most types of armour.
You have claws for hands.
Your natural rate of healing is unusually fast.
You are covered in fur. (AC +1)
You have tough skin. (AC +1)


   Skills:
 + Level 0.5 Fighting
 + Level 1.7 Dodging
 - Level 1.0 Stealth
 * Level 1.1 Unarmed Combat
 * Level 1.5 Spellcasting
 - Level 0.6 Transmutations
 * Level 3.0 Earth Magic


You had 4 spell levels left.
You knew the following spells:

 Your Spells              Type           Power      Damage    Failure   Level
z - Sandblast             Erth           16%        2d6       8%          1

Your spell library contained the following spells:

 Spells                   Type           Power      Damage    Failure   Level
 Passwall                 Tmut/Erth      4%         N/A       19%         2
 Ensorcelled Hibernation  Hex/Ice        2%         N/A       38%         2
 Jinxbite                 Hex            2%         N/A       38%         2
 Stone Arrow              Conj/Erth      8%         3d7       41%         3
 Petrify                  Tmut/Erth      5%         N/A       77%         4
 Brom's Barrelling Bould  Conj/Erth      4%         2d3       82%         4
 Anguish                  Hex/Necr       0%         N/A       95%         4

Inventory:

Armour
 a - a +0 robe (worn)
Scrolls
 c - 3 scrolls of teleportation {unknown}
 d - a scroll of silence {unknown}
 f - a scroll of blinking {unknown}
 g - a scroll of torment {unknown}
Potions
 b - a potion of magic
 e - a potion of heal wounds {unknown}

Dungeon Overview and Level Annotations

Branches:
Dungeon (2/15)

Altars:

Shops:
D:1 *

Annotations:
D:2 Terence

###### #### #....######
..... #.#...#...#
......####.###.#...#
......@@.#.....#...#
......##.##....#...#
###.. #....#.##...# #.
###..#......#
#.#.##...## #..####...#
>..... ..# ###..# #...#
#.... #.###....# #...#
#...####..##.#.#####...#
#........##.#.........#


You could see Terence.


Message History

Terence hits you with a +0 mace.
You scratch Terence.
Terence is moderately wounded.
Terence barely misses you.
You barely miss Terence.
Terence is moderately wounded.
Terence hits you with a +0 mace.
You scratch Terence. Your claw misses Terence.
Terence is heavily wounded.
Terence hits you with a +0 mace.
You closely miss Terence.
Terence is heavily wounded.
Terence barely misses you.
You scratch Terence.
Terence is severely wounded.
Terence zaps a wand.
The puff of flame hits you!
* * * LOW HITPOINT WARNING * * *
You are too injured to fight recklessly!
You are too injured to fight recklessly!
Unknown command.
You closely miss Terence.
Terence is severely wounded.
Terence zaps a wand.
The puff of flame hits you!
* * * LOW HITPOINT WARNING * * *
Unknown command.
You scratch Terence but do no damage.
Terence is severely wounded.
Terence hits you with a +0 mace!
You die...
Terence says, "That felt goooood."

Skill      XL: |  1  2 |
---------------+-------+-----
Unarmed Combat | 1 |  1.1
Earth Magic    | 3 |  3.0
Fighting       | |  0.5
Dodging        | |  1.7
Stealth        | |  1.0
Spellcasting   | |  1.5
Transmutations | |  0.6

Action                     || total
---------------------------++-------
  Melee: Unarmed           ||    93
         Punch             ||     1
   Stab: Sleeping          ||     1
 Armour: Robe              ||    56
  Dodge: Dodged            ||    40

Levels and vault maps discovered:
D:1:      orjb1_clovarrival, layout_rooms, chequers_ecumenical_altar_island,
          serial_shops, shop
D:2:      layout_basic, uniq_terence

Notes
Turn   | Place    | Note
-------+----------+-------------------------------------------
     0 | D:1      | Jeffwins the Troll Earth Elementalist began the quest for
                  | the Orb.
     0 | D:1      | Reached XP level 1. HP: 16/16 MP: 1/1
    25 | D:1      | Found Atengoc's Assorted Antiques.
    49 | D:1      | Reached XP level 2. HP: 24/24 MP: 3/3
   186 | D:1      | Reached skill level 1 in Unarmed Combat
   216 | D:1      | Found a faded altar of an unknown god.
   221 | D:1      | Reached skill level 3 in Earth Magic
   488 | D:2      | Reached XP level 3. HP: 32/32 MP: 4/4
   512 | D:2      | Noticed Terence
   532 | D:2      | HP: 1/32 [Terence/puff of flame (9)]
   533 | D:2      | Mangled by Terence

Vanquished Creatures
  6 endoplasms (D:1)
  A giant cockroach (D:1)
  A goblin (D:1)
  4 hobgoblins (D:1)
  5 kobolds
  A ball python (D:1)
  4 bats
  2 frilled lizards
  3 rats (D:1)
27 creatures vanquished.

Table legend: (Time is in decaauts)
 A = Elapsed time spent in this place.
 B = Non-inter-level travel time spent in this place.
 C = Inter-level travel time spent in this place.
 D = Time resting spent in this place.
 E = Time spent auto-exploring this place.
 F = Levels seen in this place.
 G = Mean time per level.
                   A        B        C        D        E       F      G
               +--------+--------+--------+--------+--------+-----+--------+
         Total |    531 |    520 |     11 |      0 |    319 |   2 |  265.5 |
       Dungeon |    531 |    520 |     11 |      0 |    319 |   2 |  265.5 |
               +--------+--------+--------+--------+--------+-----+--------+

Top non-repeatable levels by time:
     D:1: 439 daAuts
     D:2: 92 daAuts

Table legend:
 A = Non-vault XP
 B = Vault XP
 C = Vault XP percentage of total XP
 D = Non-vault monster count
 E = Vault monster count
 F = Vault count percentage of total count
                 A         B        C        D         E       F
            +---------+---------+-------+---------+---------+-------
      Total |      42 |       0 |   0.0 |      27 |       0 |   0.0
            +---------+---------+-------+---------+---------+-------
        D:1 |      38 |       0 |   0.0 |      23 |       0 |   0.0
        D:2 |       4 |       0 |   0.0 |       4 |       0 |   0.0
            +---------+---------+-------+---------+---------+-------
